cohdb
Replays
Latest Replays
All Replays
Popular Replays
Top Player Replays
Match Explorer
How It Works
Community
CoH3 Stats
Reddit
Sign in to upload your games and track your stats! →
Sign in with Steam
Match 43420865
Unlisted
Match 43420865
Overview
Messages
Build Orders
End
Construct Weapon Support Center
M1919 Machine Gun Team
Bazooka Squad
M1919 Machine Gun Team
M1919 Machine Gun Team
Construct Barracks
Riflemen Squad
Selects Heavy Weapons
Selects M2HB .50cal Heavy Machine Gun
1⁄4-ton 4x4 Truck
Bazooka Squad
valliskindgz
Brother
0
0
Comments
sign in to comment!
No comments posted yet!